 Dungeon Crawl Stone Soup version 0.31-a0-150-g89dc3ad700 (webtiles) character file.

Game seed: 3529080304078634426

7 qw the Shooter (level 2, -2/17 HPs)
             Began as a Gargoyle Hunter on June 8, 2023.
             Slain by a goblin
             ... wielding a +0 dagger
              (3 damage)
             ... on level 1 of the Dungeon.
             The game lasted 00:00:04 (169 turns).

qw the Shooter (Gargoyle Hunter)                     Turns: 169, Time: 00:00:05

Health: -2/17      AC:  5    Str: 14    XL:     2   Next: 4%
Magic:  2/2        EV: 11    Int:  9    God:
Gold:   0          SH:  0    Dex: 13    Spells: 1/1 levels left

rFire   . . .        a - +0 shortbow
rCold   . . .        (shield currently unavailable)
rNeg    + . .        c - +0 leather armour
rPois   inf          (no helmet)
rElec   +            (no cloak)
rCorr   .            (no gloves)
SInv    .            (no boots)
Will    .....        (no amulet)
Stlth   +            (no ring)
HPRegen 0.22/turn    (no ring)
MPRegen 0.08/turn

%: no passive effects
@: no status effects
A: sickness immunity, AC +2, negative energy resistance 1, electricity
resistance, torment resistance 1, petrification resistance
a: no special abilities


You were on level 1 of the Dungeon.
You visited 1 branch of the dungeon, and saw 1 of its levels.


Innate Abilities, Weirdness & Mutations

You are immune to sickness and miasma.
Your stone body is resilient. (AC +2)
You are immune to poison.
You resist negative energy. (rN+)
You are resistant to electric shocks. (rElec)
You are resistant to unholy torment.
You are immune to petrification.


   Skills:
 - Level 2.1 Fighting
 + Level 4.4 Ranged Weapons
 - Level 1.5 Dodging
 - Level 1.1 Stealth


You had one spell level left.
You didn't know any spells.
Your spell library was empty.

Inventory:

Hand Weapons
 a - a +0 shortbow (weapon)
Armour
 c - a +0 leather armour (worn)
Scrolls
 b - a scroll of butterflies
 e - a scroll of identify {unknown}
Potions
 d - a potion of curing {unknown}
 f - a potion of resistance {unknown}

Dungeon Overview and Level Annotations

Branches:
Dungeon (1/15)

Altars:


Message History

The goblin hits you with a +1 dagger of protection.
You shoot an arrow. The ball python hisses angrily.
The arrow hits the hobgoblin.
The hobgoblin is heavily wounded.
The goblin hits you but does no damage. The hobgoblin closely misses you.
You shoot an arrow. The arrow barely misses the hobgoblin.
The arrow closely misses the quokka.
The hobgoblin hits you but does no damage.
The goblin closely misses you.
A dart slug comes into view.
The goblin misses you.
You shoot an arrow. The arrow hits the hobgoblin.
You kill the hobgoblin!
The goblin barely misses you. The goblin hits you but does no damage.
You have reached level 2!
You shoot an arrow. The arrow closely misses the goblin.
The goblin hits you with a +1 dagger of protection.
The goblin hits you but does no damage.
You shoot an arrow. The arrow closely misses the goblin.
The goblin hits you with a +1 dagger of protection.
The goblin hits you but does no damage.
You shoot an arrow. The arrow closely misses the goblin.
The goblin barely misses you. The goblin hits you but does no damage.
You shoot an arrow. The arrow hits the goblin.
The goblin is heavily wounded.
The goblin hits you with a +1 dagger of protection.
The goblin hits you but does no damage.
You shoot an arrow. The arrow completely misses the goblin.
The goblin hits you with a +1 dagger of protection.
The goblin misses you. x2
The goblin hits you with a +1 dagger of protection.
You shoot an arrow. The arrow closely misses the goblin.
The goblin barely misses you. x2
You shoot an arrow.
The arrow hits the goblin but does no damage.
The goblin is heavily wounded.
The goblin hits you with a +1 dagger of protection.
The goblin hits you with a +0 dagger.
You die...

'.'.'.<.'.'.'.....#
#####...#########.#
....##'## #.#
######.# #.# #+#
#.# ##.# #:.# #..#
#@.# #gg# #rS# #w.#
...# .... ...%
.#....


You could see a dart slug, a quokka, 2 goblins and a ball python.

Vanquished Creatures
  A giant cockroach (D:1)
  2 hobgoblins (D:1)
  A kobold (D:1)
  A ball python (D:1)
  A bat (D:1)
  A frilled lizard (D:1)
7 creatures vanquished.

Notes
Turn   | Place    | Note
-------+----------+-------------------------------------------
     0 | D:1      | qw the Gargoyle Hunter began the quest for the Orb.
     0 | D:1      | Reached XP level 1. HP: 12/12 MP: 1/1
     0 | D:1      | 0 ||| qw: Version: 0.2-a-119-g7aa9181
     0 | D:1      | 0 ||| qw: Game counter: 2900
     0 | D:1      | 0 ||| qw: Always use a shield: true
     0 | D:1      | 0 ||| qw: God list: Okawaru
     0 | D:1      | 0 ||| qw: Allow faded altars: false
     0 | D:1      | 0 ||| qw: Do Orc after D:15 true
     0 | D:1      | 0 ||| qw: Do second Lair branch before Depths: true
     0 | D:1      | 0 ||| qw: Lair rune preference: random
     0 | D:1      | 0 ||| qw: Plans: Normal
     0 | D:1      | 0 ||| PLANNING D:1-11
   163 | D:1      | Reached XP level 2. HP: 16/17 MP: 2/2
   167 | D:1      | HP: 4/17 [goblin/+1 dagger of protection (3)]
   169 | D:1      | HP: 1/17 [goblin/+1 dagger of protection (3)]
   169 | D:1      | Slain by a goblin

Levels and vault maps discovered:
D:1:      minmay_arrival_doors, layout_loops_ring, serial_shops, shop, hex_tiny,
          chequers_serial_rivers_small_a, minmay_misc_feat_chi

Action                     || total
---------------------------++-------
   Fire: Shortbow          ||    28
 Armour: Leather armour    ||     9
  Dodge: Dodged            ||    13

Table legend:
 A = Non-vault XP
 B = Vault XP
 C = Vault XP percentage of total XP
 D = Non-vault monster count
 E = Vault monster count
 F = Vault count percentage of total count
                 A         B        C        D         E       F
            +---------+---------+-------+---------+---------+-------
      Total |      11 |       0 |   0.0 |       7 |       0 |   0.0
            +---------+---------+-------+---------+---------+-------
        D:1 |      11 |       0 |   0.0 |       7 |       0 |   0.0
            +---------+---------+-------+---------+---------+-------
